Map: Ruins of Seras

Players

CMStormPolt (Polt) - Winner!

  • Race: Terran Terran
  • League: Grandmaster

Bails

  • Race: Protoss Protoss
  • League: Grandmaster

VOD

Have the link to the VOD?

Description

Time

  • Played on: Feb. 11, 2016, 8:18 p.m.
  • Length: 20:29
Show
View Real Time Build Order
Export as new Build Order

CMStormPolt Terran - Winner!

Build Orders: Reaper Expand, MMM Bio 

Get SALT Encoding   

  12  0:01  SCV  
  13  0:13  SCV  
  14  0:18  Supply Depot  
  14  0:25  SCV  
  15  0:39  SCV  
  15  0:40  Barracks  
  16  0:45  Refinery  
  16  0:51  SCV  
  17  1:03  SCV  
  18  1:15  SCV  
  19  1:27  Orbital Command  
  19  1:28  Reaper  
  20  1:43  Command Center  
  20  1:53  SCV  
  21  1:56  Supply Depot  
  21  2:00  Barracks Reactor  
  21  2:05  SCV  
  22  2:13  Barracks  
  22  2:17  SCV  
  23  2:24  Factory  
  23  2:29  SCV  
  24  2:36  Marine x2  
  26  2:41  SCV  
  27  2:53  SCV  
  27  2:55  Refinery  
  27  2:56  Marine x2, Orbital Command  
  30  3:00  Barracks Tech Lab  
  30  3:05  SCV  
  30  3:09  Starport  
  31  3:17  Marine x2  
  31  3:18  SCV  
  34  3:20  Marine  
  34  3:21  SCV  
  36  3:30  SCV  
  36  3:31  Supply Depot  
  36  3:33  SCV  
  38  3:37  Widow Mine  
  40  3:42  SCV  
  40  3:44  Marine x3  
  40  3:45  SCV  
  45  3:53  Medivac  
  45  3:54  SCV  
  45  3:55  Supply Depot  
  48  3:57  SCV  
  48  3:59  Stimpack  
  49  4:06  SCV  
  49  4:07  Widow Mine  
  49  4:09  SCV  
  53  4:16  Engineering Bay  
  53  4:18  Marine x3, SCV  
  53  4:22  SCV  
  53  4:23  Medivac  
  60  4:26  Barracks  
  60  4:30  SCV  
  61  4:34  SCV  
  61  4:36  Supply Depot  
  62  4:39  Refinery  
  62  4:42  Factory Reactor  
  62  4:54  Supply Depot  
  62  4:57  Marine x3, Missile Turret, SCV x2  
  67  5:06  Medivac  
  69  5:08  Barracks  
  69  5:09  Barracks  
  69  5:12  Marine  
  70  5:15  Marine, SCV x2  
  70  5:16  Marauder  
  70  5:17  Refinery  
  75  5:24  Supply Depot  
  75  5:25  Supply Depot  
  75  5:26  Terran Infantry Weapons Level 1  
  75  5:34  SCV x2  
  77  5:42  Marine  
  78  5:45  Factory Reactor  
  78  5:46  Marine x2, Marauder  
  78  5:49  Supply Depot x2, SCV x2  
  82  6:09  Marine x2  
  82  6:10  Marauder  
  86  6:11  Barracks Tech Lab  
  86  6:12  Marine, Barracks Reactor  
  86  6:14  Combat Shields  
  86  6:15  SCV x2  
  86  6:18  Medivac  
  90  6:19  Medivac  
  92  6:26  Command Center  
  91  6:40  Marine x2, Marauder x2  
  97  6:49  SCV  
  97  6:53  SCV  
  90  6:58  Viking x2  
  90  7:00  Marine  
  90  7:01  Marine x3, Concussive Shells, Marauder, SCV  
  99  7:02  Marauder  
  99  7:06  SCV  
  102  7:10  Supply Depot  
  102  7:11  Supply Depot  
  102  7:13  SCV  
  102  7:14  Widow Mine  
  105  7:18  SCV  
  105  7:20  Terran Infantry Armor Level 1  
  106  7:25  SCV  
  107  7:30  SCV  
  108  7:37  SCV  
  108  7:42  SCV  
  108  7:43  Orbital Command  
  110  7:44  Liberator  
  110  7:47  Liberator  
  110  7:48  Armory  
  110  7:49  Engineering Bay, SCV  
  111  7:54  SCV  
  111  7:57  Marine x6, Marauder x2  
  122  8:01  SCV  
  129  8:06  SCV  
  129  8:09  SCV  
  131  8:13  Widow Mine  
  131  8:18  Supply Depot  
  133  8:20  Supply Depot x2  
  133  8:24  Ghost Academy  
  133  8:26  SCV x2  
  133  8:27  SCV  
  136  8:30  Marine, Marauder  
  136  8:31  Marauder  
  141  8:37  Liberator x2  
  141  8:40  Marine x5, SCV x3  
  141  8:41  Terran Infantry Weapons Level 2  
  149  8:43  Supply Depot  
  149  8:45  Supply Depot  
  145  8:55  Widow Mine  
  152  8:57  Terran Vehicle And Ship Armor Level 1  
  152  9:00  Refinery  
  152  9:01  Refinery  
  152  9:16  Command Center  
  152  9:20  Terran Infantry Armor Level 2  
  152  9:34  Ghost x2  
  152  9:35  Barracks x2  
  152  9:36  Barracks  
  152  9:37  Marine x6  
  161  9:40  Medivac  
  161  9:41  Widow Mine, Medivac  
  167  9:59  Marine x6  
  171  10:03  Ghost x2  
  176  10:18  Medivac  
  176  10:19  Medivac  
  179  10:23  Starport  
  179  10:31  Planetary Fortress  
  179  10:32  Missile Turret  
  179  10:33  Ghost  
  179  10:34  Ghost, Barracks Tech Lab x2, Barracks Reactor  
  183  10:38  Marine x2  
  183  10:39  Marine x4  
  188  10:54  Terran Vehicle And Ship Armor Level 2  
  184  10:59  Medivac x2  
  184  11:00  Starport Reactor  
  188  11:10  Terran Infantry Weapons Level 3  
  188  11:32  Liberator  
  188  11:34  Marauder, Liberator  
  188  11:35  Marine x2, Marauder x3  
  196  11:40  Marine  
  196  11:43  Marine  
  196  11:45  Marine  
  196  11:47  Marine  
  195  11:48  Marine  
  195  11:49  Marine, Medivac  
  195  11:50  Medivac  
  183  12:13  Marine x5, Marauder x4  
  183  12:15  Refinery x2  
  196  12:25  Marine, Terran Infantry Armor Level 3  
  196  12:26  Command Center  
  196  12:30  Command Center  
  196  12:42  Marine  
  196  12:43  Marine  
  190  12:54  Marauder x2  
  190  12:55  Marauder  
  190  12:56  Marine  
  196  13:00  Personal Cloaking  
  196  13:03  Marine  
  196  13:05  Marine  
  196  13:09  Marine  
  196  13:13  Terran Vehicle And Ship Armor Level 3  
  196  13:22  Marine  
  196  13:35  Marine  
  196  13:37  Medivac x2  
  200  13:45  Marine x2  
  199  13:49  Marauder  
  200  14:01  Marine x2  
  148  14:17  Marine x4, Marauder x2  
  148  14:18  Marine, Marauder x2  
  148  14:19  Marine x2  
  142  14:35  Marine  
  134  14:42  Marauder  
  134  14:43  Marine x6, Marauder x3  
  114  14:53  Marine, Barracks  
  114  14:54  Barracks  
  114  14:59  Barracks  
  110  15:00  Barracks x2  
  110  15:01  Barracks x2  
  84  15:18  Marine x4, Marauder x3  
  84  15:20  Viking  
  81  15:39  Viking  
  69  15:50  Viking  
  69  15:56  Marine x7  
  78  15:57  SCV  
  78  15:59  Orbital Command  
  79  16:09  Viking  
  79  16:10  SCV  
  81  16:14  Marine x7  
  88  16:20  Viking  
  88  16:22  SCV  
  91  16:28  Supply Depot  
  91  16:29  Supply Depot  
  91  16:30  Supply Depot, Orbital Command  
  91  16:32  Marine x5  
  91  16:33  Marine x2  
  91  16:39  Viking  
  99  16:50  Viking  
  99  16:52  Marine x2  
  99  16:53  Marine x5  
  106  17:11  Marine x6  
  106  17:12  Marine  
  107  17:18  Viking  
  107  17:20  Viking  
  111  17:29  Marine x7  
  108  17:48  Viking  
  108  17:50  Viking  
  110  17:56  Marine x6  
  115  18:03  Orbital Command  
  112  18:18  Viking  
  111  18:20  Viking  
  101  18:42  Marine x4  
  101  18:43  Marine x3  
  105  18:55  Orbital Command  
  94  19:08  Marine x3  
  94  19:09  Marine x4  
  80  19:26  Marine x6  
  80  19:27  Marine  
  87  19:37  Orbital Command  
Show
View Real Time Build Order
Export as new Build Order

Bails Protoss 

Build Orders: 1 Gate Expand 

Get SALT Encoding   

  12  0:01  Probe (Chrono Boost)  
  13  0:11  Probe (Chrono Boost)  
  14  0:19  Pylon  
  14  0:23  Probe (Chrono Boost)  
  15  0:38  Probe (Chrono Boost), Gateway  
  16  0:48  Probe (Chrono Boost), Assimilator  
  17  0:59  Probe (Chrono Boost)  
  18  1:09  Probe (Chrono Boost)  
  19  1:20  Probe (Chrono Boost)  
  20  1:25  Nexus  
  20  1:37  Cybernetics Core  
  20  1:40  Probe (Chrono Boost)  
  20  1:45  Assimilator  
  21  1:51  Probe (Chrono Boost)  
  22  1:57  Pylon  
  22  2:02  Probe (Chrono Boost)  
  23  2:15  Mothership Core (Chrono Boost), Stalker  
  27  2:19  Warp Gate  
  26  2:34  Probe (Chrono Boost)  
  27  2:37  Robotics Facility  
  27  2:40  Probe (Chrono Boost)  
  28  2:47  Probe (Chrono Boost)  
  29  2:51  Stalker  
  29  2:56  Probe (Chrono Boost)  
  33  2:58  Probe (Chrono Boost)  
  33  3:07  Probe (Chrono Boost)  
  33  3:09  Probe (Chrono Boost)  
  35  3:13  Pylon  
  35  3:17  Probe (Chrono Boost)  
  36  3:21  Probe (Chrono Boost), Stalker  
  36  3:25  Observer (Chrono Boost)  
  36  3:26  Probe  
  40  3:32  Probe  
  42  3:35  Pylon  
  42  3:36  Probe  
  42  3:40  Assimilator  
  43  3:44  Observer (Chrono Boost)  
  43  3:45  Probe  
  43  3:46  Assimilator  
  43  3:47  Probe  
  46  3:57  Probe x2  
  46  4:00  Robotics Bay  
  48  4:09  Probe x2  
  50  4:11  Warp Prism (Chrono Boost)  
  52  4:21  Probe x2 (Chrono Boost)  
  52  4:23  Stalker  
  56  4:30  Pylon  
  56  4:33  Probe (Chrono Boost)  
  56  4:35  Probe (Chrono Boost)  
  58  4:39  Pylon  
  58  4:42  Observer  
  58  4:43  Probe (Chrono Boost)  
  61  4:47  Probe (Chrono Boost)  
  61  4:54  Probe (Chrono Boost)  
  61  4:56  Gravitic Drive (Chrono Boost)  
  61  4:58  Disruptor  
  62  5:00  Twilight Council  
  62  5:05  Stalker  
  67  5:13  Gateway  
  67  5:15  Gateway  
  67  5:22  Pylon  
  67  5:29  Disruptor  
  70  5:35  Forge  
  70  5:37  Pylon  
  70  5:38  Blink (Chrono Boost)  
  70  5:45  Pylon  
  70  5:53  Probe, Stalker  
  73  5:58  Probe  
  73  6:00  Disruptor  
  74  6:08  Pylon  
  74  6:09  Protoss Ground Armor Level 1 (Chrono Boost)  
  77  6:16  Nexus  
  77  6:21  Photon Cannon x2  
  77  6:23  Probe  
  78  6:25  Probe  
  78  6:28  Pylon  
  78  6:29  Sentry  
  78  6:30  Zealot x2  
  84  6:32  Disruptor  
  84  6:38  Probe  
  87  6:43  Probe  
  87  6:45  Pylon  
  88  6:52  Probe  
  88  6:53  Stalker  
  88  6:55  Probe  
  89  7:04  Probe  
  89  7:07  Probe  
  89  7:08  Gateway  
  91  7:09  Observer  
  92  7:16  Probe  
  92  7:17  Pylon  
  92  7:19  Probe  
  94  7:28  Gateway  
  94  7:29  Probe, Disruptor  
  87  7:30  Charge (Chrono Boost)  
  87  7:31  Gateway  
  87  7:34  Gateway  
  90  7:38  Probe x2  
  90  7:41  Probe  
  93  7:44  Protoss Ground Weapons Level 1  
  93  7:47  Photon Cannon  
  93  7:48  Photon Cannon  
  93  7:51  Sentry x2  
  93  7:52  Sentry  
  93  7:54  Probe  
  93  7:55  Probe x2  
  101  8:03  Pylon  
  101  8:05  Disruptor  
  101  8:07  Probe  
  105  8:15  Pylon  
  105  8:18  Gateway  
  105  8:21  Photon Cannon, Gateway  
  105  8:22  Assimilator  
  105  8:24  Probe, Assimilator  
  105  8:26  Probe  
  107  8:27  Probe  
  107  8:30  Stalker  
  110  8:34  Stalker  
  110  8:36  Probe  
  110  8:38  Probe  
  114  8:41  Warp Prism  
  116  8:49  Probe  
  116  8:52  Stalker x2  
  121  9:00  Photon Cannon, Robotics Facility  
  121  9:02  Resonating Glaives (Chrono Boost)  
  121  9:04  Pylon  
  121  9:13  Stargate  
  121  9:15  Zealot x4  
  129  9:17  Photon Cannon  
  129  9:20  Disruptor (Chrono Boost)  
  132  9:24  Stalker x2  
  136  9:36  Pylon  
  136  9:41  Protoss Ground Armor Level 2  
  136  9:45  Photon Cannon  
  136  9:49  Disruptor (Chrono Boost)  
  139  9:55  Nexus  
  139  10:01  Fleet Beacon  
  139  10:02  Stargate  
  139  10:03  Disruptor (Chrono Boost)  
  142  10:14  Probe  
  143  10:24  Dark Shrine  
  143  10:25  Protoss Air Weapons Level 1, Disruptor (Chrono Boost)  
  143  10:27  Stalker x2  
  150  10:28  Pylon  
  150  10:32  Disruptor (Chrono Boost), Pylon  
  153  10:37  Probe  
  153  10:38  Pylon  
  153  10:44  Probe  
  153  10:49  Tempest (Chrono Boost)  
  156  10:53  Tempest (Chrono Boost)  
  156  11:00  Probe, Photon Cannon  
  156  11:03  Photon Cannon  
  157  11:07  Assimilator, Disruptor  
  157  11:10  Observer, Photon Cannon  
  157  11:11  Assimilator  
  161  11:21  Photon Cannon  
  161  11:25  Probe, Photon Cannon  
  160  11:35  Zealot x7  
  160  11:37  Probe  
  167  11:40  Disruptor  
  165  11:48  Probe, Disruptor  
  165  11:49  Tempest (Chrono Boost)  
  160  11:56  Probe  
  160  11:58  Zealot x3  
  165  12:02  Pylon  
  165  12:06  Photon Cannon  
  165  12:08  Tempest (Chrono Boost)  
  169  12:11  Protoss Shields Level 1  
  169  12:13  Mothership Core  
  175  12:32  Tempest (Chrono Boost)  
  175  12:35  Dark Templar x2  
  175  12:36  Zealot x5  
  189  12:37  Probe  
  189  12:39  Probe  
  191  12:47  Tempest (Chrono Boost)  
  189  12:56  Observer  
  189  12:57  Photon Cannon  
  183  12:59  Photon Cannon  
  183  13:00  Probe  
  183  13:01  Probe  
  183  13:02  Dark Templar  
  186  13:07  Photon Cannon  
  186  13:11  Disruptor  
  188  13:14  Templar Archives, Tempest (Chrono Boost), Pylon  
  188  13:17  Protoss Air Weapons Level 2 (Chrono Boost)  
  191  13:30  Warp Prism  
  191  13:33  Photon Cannon  
  191  13:34  Tempest (Chrono Boost)  
  197  13:51  Dark Templar  
  199  13:57  Pylon  
  196  14:04  Disruptor  
  196  14:06  Tempest (Chrono Boost)  
  196  14:08  Dark Templar  
  176  14:18  Dark Templar, Zealot x2  
  176  14:19  Zealot x2  
  172  14:34  Probe  
  170  14:39  Tempest (Chrono Boost)  
  170  14:40  Stalker  
  170  14:41  Stalker x2  
  148  14:54  Photon Cannon  
  148  14:55  Photon Cannon  
  148  14:56  Zealot x2  
  148  14:57  Photon Cannon  
  148  14:58  Probe  
  135  15:04  Probe  
  121  15:10  High Templar x2  
  117  15:15  Probe, Archon  
  110  16:13  High Templar  
  110  16:14  High Templar  
  110  16:19  Nexus  
  110  16:20  Pylon  
  110  16:22  Archon  
  110  16:41  Zealot x2  
  114  17:03  Mothership Core  
  104  17:51  Dark Templar  
  104  18:35  Probe  
  104  18:37  Probe  
  69  19:22  Assimilator x2, Zealot x5  
  71  19:42  Pylon  
  70  20:13  Nexus  
  70  20:14  Zealot x2  
Tags
 
Add a new tag
Caveats
  • Supply blocks, unpowered buildings, or Contaminate may cause inaccurate times.
  • Supply counts are checked every 10 seconds.